[Event "German-ch Blitz Women 2022"]
[Site "Magdeburg"]
[Date "2022.08.13"]
[Round "17.11"]
[White "Khrapko, Marharyta"]
[Black "Skibbe, Diana"]
[Result "1-0"]
[ECO "C80"]
[WhiteElo "2128"]
[BlackElo "1943"]
[Annotator "NA RC"]
[PlyCount "63"]
[EventDate "2022.08.10"]
[EventType "tourn"]
[EventCountry "GER"]
[SourceTitle "playchess.com"]
[Source "ChessBase"]
[SourceQuality "1"]
[TimeControl "180+2"]

1. e4 e5 2. Nf3 Nc6 3. Bb5 a6 4. Ba4 Nf6 5. O-O Nxe4 6. d4 b5 7. Bb3 d5 8. dxe5 Be6 9. Be3 Be7 10. c3 O-O 11. Nbd2 f5 12. exf6 Nxf6 13. Ng5 Qd7 14. Nxe6 Qxe6 15. Nf3 Na5 16. Bc2 Nc4 17. Bd4 c5 18. Ng5 Qd6 19. Bxf6 Bxf6 20. Nxh7 Rf7 21. b3 Ne5 22. Qh5 g6 23. Nxf6+ Rxf6 24. Qh4 Kg7 25. Rae1 Rh8 26. Qg3 Re6 27. f4 Nf7 28. Rxe6 Qxe6 29. f5 Qd6 30. fxg6 Qxg3 31. Rxf7+ Kg8 32. hxg3 1-0

[Event "German-ch Blitz Women 2022"]
[Site "Magdeburg"]
[Date "2022.08.13"]
[Round "17.12"]
[White "Grabowski, Petra"]
[Black "Braun, Kristin"]
[Result "0-1"]
[ECO "A48"]
[WhiteElo "1643"]
[BlackElo "1897"]
[Annotator "NA RC COMBH"]
[PlyCount "134"]
[EventDate "2022.08.10"]
[EventType "tourn"]
[EventCountry "GER"]
[SourceTitle "playchess.com"]
[Source "ChessBase"]
[SourceQuality "1"]
[TimeControl "180+2"]

1. d4 Nf6 2. Nf3 g6 3. Nc3 d5 4. Bf4 Bg7 5. e3 O-O 6. Nb5 Na6 7. Nc3 c6 8. Bxa6 bxa6 9. O-O Bg4 10. h3 Bd7 11. Ne5 Rc8 12. Na4 Bf5 13. Nc5 Qb6 14. b3 Rfd8 15. c4 Nd7 16. Nexd7 Bxd7 17. cxd5 cxd5 18. Qe2 Bb5 19. Nd3 Rc3 20. Rac1 Rdc8 21. Qb2 Bxd3 22. Rxc3 Rxc3 23. Qxc3 Bxf1 24. Qc8+ Bf8 25. Kxf1 e6 26. Qc2 Qb5+ 27. Kg1 Qa5 28. g4 Bb4 29. Kg2 Qd8 30. Be5 f6 31. Bf4 Kf7 32. Qc7+ Qxc7 33. Bxc7 a5 34. Bb8 a6 35. Bc7 Ke7 36. Bf4 f5 37. gxf5 exf5 38. h4 h5 39. Be5 Kd7 40. f4 Kc6 41. Bf6 Kb5 42. Kf2 a4 43. Ke2 axb3 44. axb3 Bd6 45. Kd3 Kb4 46. Kc2 Ka3 47. Bd8 Bb4 48. Bc7 Be1 49. Be5 Bxh4 50. Bd6+ Ka2 51. b4 Bd8 52. Bc5 h4 53. b5 axb5 54. Bb4 h3 55. Be1 h2 56. Bb4 h1=Q 57. Bc3 Qg2+ 58. Kd3 Qe4+ 59. Kd2 Kb3 60. Ba1 Ba5+ 61. Ke2 Bc3 62. Bxc3 Kxc3 63. Kf2 Kd2 64. Kg3 Qxe3+ 65. Kh4 Qxf4+ 66. Kh3 Qg5 67. Kh2 Ke2 0-1

[Event "German-ch Blitz Women 2022"]
[Site "Magdeburg"]
[Date "2022.08.13"]
[Round "18.1"]
[White "Paehtz, Elisabeth"]
[Black "Braun, Kristin"]
[Result "1-0"]
[ECO "A48"]
[WhiteElo "2484"]
[BlackElo "1897"]
[Annotator "TA"]
[PlyCount "67"]
[EventDate "2022.08.10"]
[EventType "tourn"]
[EventCountry "GER"]
[SourceTitle "playchess.com"]
[Source "ChessBase"]
[SourceQuality "1"]
[TimeControl "180+2"]

1. d4 Nf6 2. Nf3 g6 3. Bg5 Bg7 4. Nbd2 O-O 5. c3 d5 6. e3 Nbd7 7. Be2 b6 8. O-O Bb7 9. b4 c5 10. bxc5 {[%emt 0:00:03] D03: 1 d4 d5 2 Nf3 Nf6 3 Bg5, including Torre Attack with early ...d5.} bxc5 11. Qa4 cxd4 12. cxd4 {[%emt 0:00:04] [#] White has an edge.} Nb6 $146 ({Predecessor:} 12... Ne4 13. Nxe4 dxe4 14. Nd2 Nb6 15. Qa3 f6 16. Bh4 g5 17. Bg3 f5 18. f4 gxf4 {½-½ (30) Plachetka,J (2451)-Studnicka,T (2124) Klatovy 2003}) 13. Qa3 e6 (13... h6 $14 14. Bh4 Qd6) 14. Ne5 (14. Rfc1 $142) 14... h6 $16 15. Bh4 {[%emt 0:00:02][%cal Bg5h4,Bh4g3,Bg3c7][%mdl 32] 0x0.0005ed138493dp-1022s more active pieces. The black rooks are badly placed.} g5 16. Bg3 Nfd7 17. Nd3 Re8 18. Rac1 a5 {[%emt 0:00:14] [#] A mistake that costs the game.} (18... Bf8 $16 19. Nc5 Qc8) 19. Bc7 $1 $18 Qe7 20. Qxe7 Rxe7 21. Rb1 Rc8 $2 (21... Nc4 22. Rxb7 (22. Nxc4 dxc4 23. Rxb7 cxd3 $16) 22... Nxd2) 22. Bxb6 Nxb6 23. Rxb6 Rc2 24. Rd1 Rec7 25. Nc5 Bc8 26. a4 e5 27. Bd3 Rc3 28. Ndb3 exd4 29. exd4 Bxd4 30. Nxd4 R3xc5 31. h3 Bd7 32. Nb5 f5 $2 {[%emt 0:00:09] [#]} (32... R7c6) 33. Nxc7 Rxc7 34. Rd6 {[%emt 0:00:02] Weighted Error Value: White=0.11 (very precise) /Black=0.41} 1-0

[Event "German-ch Blitz Women 2022"]
[Site "Magdeburg"]
[Date "2022.08.13"]
[Round "18.2"]
[White "Skibbe, Diana"]
[Black "Grabowski, Petra"]
[Result "1-0"]
[ECO "C10"]
[WhiteElo "1943"]
[BlackElo "1643"]
[Annotator "TA"]
[PlyCount "49"]
[EventDate "2022.08.10"]
[EventType "tourn"]
[EventCountry "GER"]
[SourceTitle "playchess.com"]
[Source "ChessBase"]
[SourceQuality "1"]
[TimeControl "180+2"]

1. e4 e6 2. d4 d5 3. Nc3 dxe4 4. Nxe4 Nd7 5. Nf3 Ngf6 6. Ng3 Be7 7. Bd3 b6 8. c3 {[%emt 0:00:04][%cal Bc2c3,Bc3d4,Bd4e5][%mdl 32] C10: French with 3 Nc3: Unusual Black 3rd moves and 3...dxe4.} Bb7 9. O-O O-O 10. Qe2 {[%emt 0:00:01] The position is equal.} c5 11. Ne5 cxd4 12. cxd4 Nxe5 13. dxe5 Qd5 14. f3 Bc5+ $2 (14... Qd4+ $11 15. Kh1 Nd5) 15. Kh1 $16 {[%emt 0:00:02] [#]} Nh5 $146 {[%emt 0:00:15][%mdl 8192] This costs Black the game.} (15... Ne8 $16) ({Predecessor:} 15... Rfd8 16. Bc4 Qd4 17. exf6 Qh4 18. Ne4 Bxe4 19. fxe4 Rd4 20. Bf4 e5 21. g3 Qh3 22. Bxe5 Rdd8 23. fxg7 {1-0 (23) Guenther,R (1554)-Lehmann,G (1487) Frankfurt 2015}) 16. Nxh5 $18 Rad8 (16... Qd4 $142 17. Bf4 Qd8) 17. Be4 Qd7 18. Bxb7 Qxb7 19. Bg5 Rd5 (19... Be7 $142 20. Qe3 Kh8) 20. f4 Bb4 21. Qg4 {[%emt 0:00:07][%cal Oh5f6] Nf6+! would kill now.} Kh8 {[%emt 0:00:33] [#]} 22. Nxg7 $1 Rd2 (22... Rg8 23. Nf5) 23. Bf6 h5 24. Nxh5+ Kh7 25. Qg7# {[%emt 0:00:01] Weighted Error Value: White=0.50/Black=1.60} 1-0

[Event "German-ch Blitz Women 2022"]
[Site "Magdeburg"]
[Date "2022.08.13"]
[Round "18.3"]
[White "Rath, Alina"]
[Black "Khrapko, Marharyta"]
[Result "1-0"]
[ECO "A25"]
[WhiteElo "2062"]
[BlackElo "2128"]
[Annotator "NA RC"]
[PlyCount "118"]
[EventDate "2022.08.10"]
[EventType "tourn"]
[EventCountry "GER"]
[SourceTitle "playchess.com"]
[Source "ChessBase"]
[SourceQuality "1"]
[TimeControl "180+2"]

1. c4 e5 2. Nc3 Nc6 3. g3 Bc5 4. Bg2 a6 5. d3 d6 6. e3 h5 7. h4 Bg4 8. Nge2 Nf6 9. a3 Bb6 10. Qc2 Qd7 11. b3 Rd8 12. Bb2 O-O 13. O-O Ne7 14. d4 Bf5 15. Qd2 e4 16. d5 Bh3 17. Nf4 Bxg2 18. Kxg2 Qf5 19. Nce2 Ng6 20. Bxf6 Qxf6 21. Rac1 Ne5 22. Qc2 Qf5 23. Ng1 Rde8 24. Qd1 g6 25. Nge2 Qg4 26. Ng1 Nf3 27. Nfh3 Nxh4+ 28. Kh2 Nf3+ 29. Kg2 Qf5 30. Nxf3 exf3+ 31. Qxf3 Qd3 32. Rb1 a5 33. Nf4 Qf5 34. Rh1 Bc5 35. a4 Kg7 36. Ne2 Qxf3+ 37. Kxf3 Re5 38. Nf4 Rfe8 39. Nd3 Rf5+ 40. Kg2 Bb6 41. Rbe1 Re4 42. Nc1 c6 43. Ne2 cxd5 44. Nc3 Re8 45. Nxd5 Bc5 46. Rd1 Rfe5 47. Rd3 Re4 48. Rhd1 b6 49. f3 R4e5 50. e4 Rc8 51. Re1 Ree8 52. f4 f6 53. Kf3 Kf7 54. Rh1 Re6 55. g4 hxg4+ 56. Kxg4 Rxe4 57. Rh7+ Kg8 58. Nxf6+ Kf8 59. Nxe4 Bb4 1-0

[Event "German-ch Blitz Women 2022"]
[Site "Magdeburg"]
[Date "2022.08.13"]
[Round "18.4"]
[White "Kunze, Kerstin"]
[Black "Daemering, Katrin"]
[Result "0-1"]
[ECO "B52"]
[WhiteElo "2020"]
[BlackElo "1965"]
[Annotator "TA"]
[PlyCount "57"]
[EventDate "2022.08.10"]
[EventType "tourn"]
[EventCountry "GER"]
[SourceTitle "playchess.com"]
[Source "ChessBase"]
[SourceQuality "1"]
[TimeControl "180+2"]

1. e4 c5 2. Nf3 d6 3. Bb5+ Bd7 4. Bxd7+ Nxd7 5. d4 cxd4 6. Nxd4 Ngf6 {B52: Sicilian: Moscow Variation with 3...Bd7.} 7. Nd2 {[#]} a6 $146 ({Predecessor:} 7... g6 8. c4 Bg7 9. O-O O-O 10. b4 a6 11. Ba3 e5 12. N4f3 Qc7 13. h3 Rfd8 14. Rc1 {1-0 (27) Horvath,P (674)-Neil,C (515) LSS email 2019}) 8. O-O Rc8 {The position is equal.} 9. c3 e6 10. Qe2 Be7 11. f4 O-O 12. N2f3 Qb6 13. Kh1 Nc5 14. e5 Nd5 15. f5 dxe5 16. Nxe5 Bf6 17. Nef3 (17. fxe6 $11 {remains equal.} fxe6 18. Ndf3 (18. Nc4 Qc7 $15)) 17... exf5 18. Nxf5 Rfe8 $1 19. Qf2 Ne4 {Prevents Bg5.} 20. Qc2 (20. Qxb6 $15 Nxb6 21. Kg1) 20... Qb5 $36 {[%mdl 2048] Black is really pushing.} 21. Bd2 {[#]} Nb4 (21... Ndxc3 $1 $19 22. Nh6+ gxh6 23. Bxc3 Bxc3 24. bxc3 Rxc3) 22. Qb3 $17 Qxf5 23. Qxb4 Nxd2 (23... Qh5 $17 {Threatens to win with ...Ng3+.} 24. Rfe1 Nf2+ 25. Kg1 Nd3 26. Rxe8+ Rxe8) 24. Nxd2 $15 Qd3 25. Qf4 {[#]} (25. Nf3 $11 {and White is okay.}) 25... Rcd8 $2 ({Better is} 25... Re2 $1 $19 26. Rf2 Rxf2 27. Qxf2 Qc2) 26. Nf3 (26. Rae1 $15) 26... Re4 (26... Re2 $17 27. Qb4 Qc2 28. Qxb7 Rxg2) 27. Qg3 (27. Qf5 $11) 27... Rde8 {Black is more active.} 28. Rad1 Qb5 29. Nd4 {Weighted Error Value: White=0.50/Black=0.33} (29. b3 $15) 0-1

[Event "German-ch Blitz Women 2022"]
[Site "Magdeburg"]
[Date "2022.08.13"]
[Round "18.5"]
[White "Doll, Rebecca"]
[Black "Muetsch, Annmarie"]
[Result "0-1"]
[ECO "B07"]
[WhiteElo "1933"]
[BlackElo "2249"]
[Annotator "TA"]
[PlyCount "153"]
[EventDate "2022.08.10"]
[EventType "tourn"]
[EventCountry "GER"]
[SourceTitle "playchess.com"]
[Source "ChessBase"]
[SourceQuality "1"]
[TimeControl "180+2"]

1. e4 d6 2. d4 Nf6 3. Nc3 e5 4. Nge2 c6 5. h3 b5 6. a3 {[%emt 0:00:07] B07: Pirc Defence: Miscellaneous Systems.} Bb7 {[%emt 0:00:11] [#]} 7. dxe5 $146 ({Predecessor:} 7. g4 Nbd7 8. Bg2 a5 9. Ng3 b4 10. Nce2 h6 11. O-O g6 12. Be3 h5 13. g5 {1-0 (29) Belouadah,S (2340)-Collutiis,D (2441) Baku 2016}) 7... dxe5 8. Qxd8+ {[%emt 0:00:02] White has an edge.} Kxd8 9. Be3 Nbd7 10. O-O-O Kc7 11. g4 h6 (11... Bc5 $15) 12. Ng3 $11 Bc5 13. Nf5 (13. Be2 $11) 13... Bxe3+ (13... g6 $5 14. Bxc5 Nxc5 $11) 14. Nxe3 g6 15. Bg2 Nc5 16. b4 (16. f3 $11) 16... Ne6 $17 17. Rd2 a5 18. Kb2 Nf4 19. Bf3 (19. Bf1 $142) 19... Rhd8 (19... Nd7 $17) 20. Rxd8 $15 Rxd8 21. h4 Rd2 22. Ned1 (22. g5 $1 $15) 22... Nd7 $2 (22... Nd3+ $19 23. Kb1 axb4) 23. Kc1 $11 Rd4 $36 {[%emt 0:00:06][%mdl 2048] Black fights for an advantage.} 24. bxa5 Nc5 25. Ne3 Na4 26. Ne2 Nxe2+ 27. Bxe2 Rxe4 28. Bd3 Rf4 29. Rh2 (29. h5 $11 {remains equal.} g5 30. Nf5) 29... Nc5 (29... Bc8 $1 $17 30. Bxb5 cxb5 31. Nd5+ Kb7 32. Nxf4 exf4) 30. Be2 (30. h5 $11 gxh5 31. Rxh5) 30... Ra4 {[%emt 0:00:04] Black is more active.} (30... Bc8 $1 $17 {aiming for ...Be6.} 31. Bxb5 Bxg4 32. Nxg4 Rxg4) 31. h5 Rxa3 (31... Rxa5 $11 {keeps the balance.} 32. hxg6 fxg6) 32. hxg6 (32. g5 $1 $16 Ra1+ 33. Kb2) 32... fxg6 33. Rxh6 g5 34. Rh7+ Kb8 35. Rh8+ (35. Re7 $5 ) 35... Ka7 36. Rg8 Ne4 (36... Ra1+ $11 37. Kb2 Re1) 37. Nd1 ({White should try} 37. Kb2 $14 Rxa5 38. Bf3 Nxf2 39. Rxg5) 37... Rxa5 38. f3 Ng3 39. Bd3 (39. Kd2 $5 ) 39... c5 {[%emt 0:00:02][%cal Bc6c5,Bc5c4][%mdl 32] Threatens to win with ...c4.} 40. Rxg5 c4 41. Bh7 Bxf3 {[%emt 0:00:02] White must now prevent ...Ra1+.} 42. Rxe5 $2 ({Only move:} 42. Ne3 $15) 42... Ra1+ $19 ({Worse is} 42... Bxg4 43. Ne3 $11) 43. Kb2 Rxd1 44. Re3 $2 (44. Rxb5 {only move.} Ne2 45. Ka3) 44... Rf1 45. Re7+ (45. Bg8 $142) 45... Kb6 46. Re6+ Kc5 47. g5 Bd5 48. Re5 Kd4 49. Re8 Ne4 50. Rd8 c3+ 51. Ka3 Nc5 52. Bg8 Rf5 $2 (52... Ra1+ {mates} 53. Kb4 Rb1+ 54. Ka5 Nb7+ 55. Kb6 Nxd8 56. Bh7 Ne6 57. Bf5 Nxg5 58. Kc7 b4 59. Bg6 b3 60. cxb3 Be4 61. Bh5 c2 62. Be8 c1=Q+ 63. Kd8 Rxb3 64. Ba4 Rb8+ 65. Kd7 Rb7+ 66. Kd8 Qc7+ 67. Ke8 Qe7#) 53. g6 $11 Rg5 (53... Ne4 $11) 54. Bxd5 $2 $18 {[%emt 0:00:01][%mdl 4096] Endgame KRB-KRN} (54. Rxd5+ $18 Rxd5 55. Bxd5) 54... Ke5 (54... Rxd5 $2 55. Rxd5+ Kxd5 56. g7 $18) 55. g7 (55. Bf7 $16 {And now Rd5+ would win.} Kf6 56. Rd4) 55... Rxg7 $11 56. Bb3 Rg4 $2 (56... Rd7 $11 57. Rxd7 Nxd7) 57. Rd5+ $18 Ke4 58. Rxc5 {[%emt 0:00:01] KRB-KR} Kd4 59. Rxb5 Rg7 60. Rb4+ Ke3 61. Rc4 Kd2 62. Kb4 Rb7+ 63. Ka4 Ra7+ 64. Kb5 Rb7+ 65. Kc5 Rc7+ 66. Kd4 $1 Rd7+ 67. Ke5 {[%emt 0:00:01] Intending Rd4+ and mate.} Re7+ 68. Kd6 Rb7 69. Kd5 Rd7+ 70. Ke6 Rb7 71. Ba4 Ra7 72. Kd5 Ra8 73. Kd4 Rd8+ 74. Kc5 {[%emt 0:00:01] White threatens Rd4+ and mate.} Rc8+ {[%emt 0:00:02] [#]} 75. Kb4 $1 Rb8+ {[%emt 0:00:02] [#]} 76. Kc5 $2 (76. Ka3 $1 $18) 76... Rc8+ $1 $11 77. Kd4 {[%mdl 32768] White used his chance.  Weighted Error Value: White=0.84/Black=0.33. Sensor Board Error (Ke4/e5)?} 0-1

[Event "German-ch Blitz Women 2022"]
[Site "Magdeburg"]
[Date "2022.08.13"]
[Round "18.6"]
[White "Wulf, Constanze"]
[Black "Zhou, Lepu Coco"]
[Result "0-1"]
[ECO "A06"]
[WhiteElo "1835"]
[BlackElo "1986"]
[Annotator "TA"]
[PlyCount "51"]
[EventDate "2022.08.10"]
[EventType "tourn"]
[EventCountry "GER"]
[SourceTitle "playchess.com"]
[Source "ChessBase"]
[SourceQuality "1"]
[TimeControl "180+2"]

1. Nf3 d5 2. b3 Nf6 3. Bb2 g6 4. e3 Bg7 5. Be2 O-O 6. O-O c5 7. d3 Nc6 8. Nbd2 {A05: Réti Opening: 1 Nf3 Nf6.} Qc7 {[#]} 9. e4 $146 ({Predecessor:} 9. c4 e6 10. Rc1 b6 11. cxd5 exd5 12. d4 Ne4 13. a3 f5 14. Qc2 Bb7 15. dxc5 bxc5 16. Bxg7 Kxg7 17. Nxe4 fxe4 {1-0 (40) Cruz,J (1342)-Moreno Gil,G Pereira 2022}) 9... e5 (9... Rd8 {feels hotter.} 10. Qb1 dxe4 11. Nxe4 Nd4) 10. exd5 {Black is slightly better.} Nxd5 11. Re1 Re8 12. Bf1 Bg4 13. h3 Bd7 14. Nc4 b5 15. Ne3 Nxe3 (15... Nf4 {is more complex.} 16. Ng5 f5 17. g3 Ne6) 16. Rxe3 Nd4 17. c3 Nf5 {0x0.0002df7f8887dp-1022s more active pieces.} 18. Re1 Bc6 19. Qe2 e4 20. Ng5 ({White should try} 20. dxe4 $15 Rxe4 21. Qc2) 20... exd3 (20... e3 $19 21. Qc2 Be5 22. fxe3 Nxe3 $1 23. Rxe3 Bh2+ 24. Kh1 Rxe3) 21. Qxd3 $17 h6 22. Ne4 (22. Nf3 $17 {might work better.}) 22... Rad8 $19 23. Qc2 Nd6 $2 ({Black should play} 23... Qf4 $19 24. g3 Bxe4 25. gxf4 Bxc2 26. Rxe8+ Rxe8 27. Bxb5 Rb8) 24. Nxc5 {[#]} Bd5 (24... Bxg2 $1 $15 25. Na6 (25. Rxe8+ Rxe8) 25... Qc8 26. Bxg2 Qxa6) 25. Nd3 $14 Ne4 26. Nb4 {[%mdl 32768] Weighted Error Value: White=0.57/Black=0.52. Loss on time!?} (26. Rac1 $16) 0-1

[Event "German-ch Blitz Women 2022"]
[Site "Magdeburg"]
[Date "2022.08.13"]
[Round "18.7"]
[White "Stangl, Anita"]
[Black "Nikolaeva, Mariya A"]
[Result "1-0"]
[ECO "C52"]
[WhiteElo "2023"]
[BlackElo "1309"]
[Annotator "NA RC"]
[PlyCount "43"]
[EventDate "2022.08.10"]
[EventType "tourn"]
[EventCountry "GER"]
[SourceTitle "playchess.com"]
[Source "ChessBase"]
[SourceQuality "1"]
[TimeControl "180+2"]

1. e4 e5 2. Nf3 Nc6 3. Bc4 Bc5 4. b4 Bxb4 5. c3 Ba5 6. d4 d6 7. Qb3 Qe7 8. d5 Nb8 9. Qb5+ Bd7 10. Qxa5 Nf6 11. Qxc7 O-O 12. Qxb7 Nxe4 13. Qxa8 Na6 14. Qxa7 Nac5 15. O-O Qf6 16. Nbd2 Nxc3 17. Bb2 N3e4 18. Nxe4 Nxe4 19. Qxd7 Nc5 20. Qc6 Qe7 21. a4 f5 22. Nxe5 1-0

[Event "German-ch Blitz Women 2022"]
[Site "Magdeburg"]
[Date "2022.08.13"]
[Round "18.8"]
[White "Falke, Ornella"]
[Black "Schulze, Lara"]
[Result "1-0"]
[ECO "E20"]
[WhiteElo "1912"]
[BlackElo "2292"]
[Annotator "TA"]
[PlyCount "59"]
[EventDate "2022.08.10"]
[EventType "tourn"]
[EventCountry "GER"]
[SourceTitle "playchess.com"]
[Source "ChessBase"]
[SourceQuality "1"]
[TimeControl "180+2"]

1. d4 Nf6 2. c4 e6 3. Nc3 Bb4 4. f3 c5 5. d5 d6 6. Bg5 h6 7. Bh4 b5 {[%emt 0:00:17] E31: Nimzo-Indian: Leningrad Variation: 4...h6 5 Bh4 c5 6 d5 d6.} ({Black should play} 7... O-O $15) 8. e4 $11 exd5 9. cxd5 a6 {[%emt 0:00:05] The position is equal.} 10. a4 bxa4 {[%emt 0:00:28] [#]} 11. Bc4 $146 (11. Qxa4+ $11 Nbd7 12. Be2) ({Predecessor:} 11. Qxa4+ Bd7 12. Qc2 O-O 13. Bc4 Bc8 14. Nge2 Nbd7 15. O-O Ne5 16. Bb5 Bb7 17. Ba4 {½-½ (59) Kranzl,A (2245)-Bennborn,J (2221) ICCF email 2000}) 11... Nbd7 (11... a3 $17 12. Nge2 axb2) 12. Qxa4 O-O 13. Qc6 $2 {[%emt 0:00:08][%mdl 8192] [#]} (13. Qa2 $15) 13... Ne5 $1 14. Qxa8 Nxc4 15. Nge2 g5 $2 (15... Ne3 $19 16. Bg3 (16. Kf2 $2 Nfg4+ 17. fxg4 Nxg4+ 18. Ke1 Qxh4+ 19. g3 Qg5 $19) 16... Nc2+ 17. Kf2 c4 18. Rxa6 (18. Rac1 $2 Qb6+ 19. Kf1 Ne3+ 20. Kg1 Neg4+ 21. Kf1 Ne3+ 22. Kg1 Nd1+ 23. Kf1 Ne3+ $19) 18... Bc5+ 19. Kf1 Ne3+ 20. Ke1 Qe7) 16. Bg3 Qb6 17. Qc6 Qxc6 ({Black should try} 17... Bxc3+ $14 18. bxc3 Qb2) 18. dxc6 $18 Nxb2 19. Bxd6 Rd8 (19... Re8 {was worth a try.} 20. O-O Re6) 20. Be7 {[%emt 0:00:01][%csl LRd8,LRf6] White is clearly winning.} Nd5 21. exd5 Re8 22. Bf6 Bf5 23. O-O Bd3 24. Rfe1 {[%emt 0:00:17] And now d6 would win.} Kh7 25. Ra2 {[%emt 0:00:04] Black must now prevent d6.} Nc4 26. Kf2 Kg6 {[%emt 0:00:01] [#]} 27. Nf4+ $1 gxf4 28. Rxe8 Kxf6 29. Ne4+ Bxe4 30. fxe4 {[%emt 0:00:01] Weighted Error Value: White=0.69/Black=1.11} 1-0

[Event "German-ch Blitz Women 2022"]
[Site "Magdeburg"]
[Date "2022.08.13"]
[Round "18.9"]
[White "Kosovska, Olena"]
[Black "Melamed, Tatjana"]
[Result "0-1"]
[ECO "B04"]
[WhiteElo "1831"]
[BlackElo "2380"]
[Annotator "TA"]
[PlyCount "110"]
[EventDate "2022.08.10"]
[EventType "tourn"]
[EventCountry "GER"]
[SourceTitle "playchess.com"]
[Source "ChessBase"]
[SourceQuality "1"]
[TimeControl "180+2"]

1. e4 Nf6 2. e5 Nd5 3. d4 d6 4. Nf3 Nc6 5. Bb5 a6 6. Ba4 {[%emt 0:00:05] B04: Alekhine's Defence: 4 Nf3.} (6. Bxc6+ $5 bxc6 7. c4 $14) 6... Bg4 7. c4 Nb6 8. d5 {[%emt 0:00:12] White is slightly better.} (8. Bxc6+ $5 bxc6 9. h3 $14) 8... Nxa4 {[%emt 0:00:13] [#]} 9. dxc6 $146 (9. Qxa4 $5 Bxf3 10. gxf3 $11) ({Predecessor:} 9. Qxa4 Bxf3 10. gxf3 b5 11. cxb5 Nxe5 12. bxa6+ Qd7 13. Qxd7+ Kxd7 14. Ke2 Rxa6 15. Nc3 {½-½ (58) Wilshusen,H (1654)-Lenz,J (1278) LSS email 2016}) 9... Nc5 (9... b5 $15) 10. cxb7 Nxb7 11. O-O (11. h3 $5 Bd7 12. Nc3 $11) 11... e6 12. h3 Bh5 13. Bf4 Be7 14. Nbd2 Nc5 15. b4 Nd3 16. exd6 cxd6 17. Bg3 O-O 18. Qb3 Bg6 19. Rfd1 (19. Ne1 $11 Ne5 20. Rd1) 19... Qb6 (19... a5 $17 20. b5 Bf6) 20. a3 Bf6 21. Ra2 (21. Rab1 $11 {keeps the balance.}) 21... e5 {[%emt 0:00:16] 0x0.0020ae33b91cdp-1022s more active pieces.} ({Black should try} 21... a5 $1 $17 {[%cal Ra5a4] White must now prevent ...a4.} 22. c5 dxc5) 22. Nh4 (22. Ne1 $11 Nxe1 23. Rxe1) 22... Bxh4 $15 23. Bxh4 Nf4 (23... a5 $17 24. c5 dxc5) 24. Nf3 $11 {[%emt 0:00:09] White wants to play Rad2.} h6 {[%emt 0:00:16] [#]} (24... e4 $11) 25. Rad2 $1 $16 Qb7 26. Rxd6 e4 (26... f6 $16) 27. Rd7 Qc6 (27... Qc8) 28. Ne5 $18 Qe6 29. Nxg6 Nxg6 30. Bg3 Rac8 31. R7d5 Rfe8 32. c5 $2 (32. a4 $18) 32... Ne7 $11 {[%emt 0:00:06] [#]} 33. Qc4 (33. Kh2 $1 $11) 33... Nxd5 $15 34. Qxd5 Rcd8 (34... e3 $15 35. Qxe6 Rxe6) 35. Qxd8 Rxd8 36. Rxd8+ $11 {[%emt 0:00:01][%mdl 4096] Endgame KQ-KRB} Kh7 37. Rd6 (37. Kh2 $5 ) 37... Qc4 (37... Qb3 $1 $11 {remains equal.}) 38. c6 ({White should play} 38. Bf4 $16) 38... f5 {[%emt 0:00:05] ...Qc1+ is the strong threat.} 39. Rd7 $2 (39. Bf4 $11 {and White is okay.} g5 40. Be5 Qc1+ 41. Kh2) 39... Qxc6 40. Rc7 Qd5 41. Rc5 Qd1+ 42. Kh2 Qd7 43. Rc7 (43. Bf4 {might work better.}) 43... Qe6 44. a4 (44. Bf4 $142) 44... Qf6 $19 {[%emt 0:00:04] And now ...f4 would win.} 45. Rc5 $2 (45. Bf4) 45... f4 {[%emt 0:00:01] Black is clearly winning.} 46. b5 fxg3+ 47. fxg3 axb5 48. axb5 {[%emt 0:00:02] KQ-KR} Qd4 49. Rc6 e3 50. Re6 Qd3 51. b6 Qb3 52. Re5 Qxb6 53. Re4 Qc5 54. Re6 Qd4 55. Re7 Qd3 {[%emt 0:00:00] Black used his chance.  Weighted Error Value: White=0.79/Black=0.48} 0-1

[Event "German-ch Blitz Women 2022"]
[Site "Magdeburg"]
[Date "2022.08.13"]
[Round "18.10"]
[White "Leveikina, Jevgenija"]
[Black "Staerk, Elisa"]
[Result "1-0"]
[ECO "A49"]
[WhiteElo "2061"]
[BlackElo "1947"]
[Annotator "NA RC"]
[PlyCount "51"]
[EventDate "2022.08.10"]
[EventType "tourn"]
[EventCountry "GER"]
[SourceTitle "playchess.com"]
[Source "ChessBase"]
[SourceQuality "1"]
[TimeControl "180+2"]

1. d4 Nf6 2. Nf3 g6 3. g3 Bg7 4. Bg2 O-O 5. O-O d6 6. c3 Nbd7 7. Nbd2 e5 8. dxe5 dxe5 9. e4 c6 10. Qc2 Qc7 11. b3 Nc5 12. Ba3 Nfd7 13. Rad1 Re8 14. Nc4 Bf8 15. h3 b5 16. Ne3 Bg7 17. c4 Bb7 18. cxb5 Ne6 19. Bd6 Qb6 20. bxc6 Bxc6 21. Nc4 Qb7 22. Rfe1 Nd4 23. Nxd4 exd4 24. Na5 Qb6 25. Nxc6 Rac8 26. Ne7+ 1-0

[Event "German-ch Blitz Women 2022"]
[Site "Magdeburg"]
[Date "2022.08.13"]
[Round "18.11"]
[White "Heil, Marina"]
[Black "Zschischang, Marine"]
[Result "0-1"]
[ECO "D31"]
[WhiteElo "1926"]
[BlackElo "2083"]
[Annotator "NA RC"]
[PlyCount "102"]
[EventDate "2022.08.10"]
[EventType "tourn"]
[EventCountry "GER"]
[SourceTitle "playchess.com"]
[Source "ChessBase"]
[SourceQuality "1"]
[TimeControl "180+2"]

1. c4 e6 2. Nc3 d5 3. d4 c6 4. Nf3 dxc4 5. e4 b5 6. a4 Bb4 7. axb5 cxb5 8. Bd2 Bxc3 9. bxc3 Bb7 10. e5 a6 11. Rb1 Qc7 12. Be2 Nd7 13. O-O Nb6 14. Nh4 Ne7 15. f4 Ng6 16. Qe1 Qe7 17. Nf3 Nd5 18. Ng5 h6 19. Ne4 O-O 20. Nd6 Bc6 21. f5 exf5 22. Nxf5 Qc7 23. Qc1 Nge7 24. Nxh6+ gxh6 25. Bxh6 Ng6 26. Bxf8 Kxf8 27. Qh6+ Ke8 28. Rf3 Nde7 29. Rf6 Bd5 30. Rbf1 Be6 31. Bh5 Kd7 32. Bxg6 Nxg6 33. Rxf7+ Bxf7 34. Rxf7+ Ne7 35. Qf6 Re8 36. d5 Qc5+ 37. Kf1 Qxd5 38. Rg7 Qd1+ 39. Kf2 Qd2+ 40. Kf1 Qxc3 41. Qd6+ Kc8 42. Qxa6+ Kd8 43. Qa8+ Kd7 44. Qb7+ Ke6 45. Qb6+ Kxe5 46. Qxb5+ Kf6 47. Qg5+ Ke6 48. Qg4+ Kd6 49. Qd1+ Qd3+ 50. Qxd3+ cxd3 51. Ke1 Nf5+ 0-1